SAAA
PAWNEE PARKSNREC @ SCRANTON SUPERNOVAS
06/30/2042
 
TOP OF THE 1ST
Pawnee ParksNRec batting - Pitching for Scranton Supernovas : RHP Luis Sastre
Pitching: RHP Luis Sastre
Batting: RHB Hiroshige Ohashi 0-0: DOUBLE (Line Drive, 89D, EV 100.6 MPH)
Batting: RHB Bartolo Álvarez 0-0: Ball
1-0: Ball
2-0: Swinging Strike
2-1: Foul Ball, location: 2F
2-2: SINGLE (Groundball, 34S, EV 61.2 MPH) (infield hit)
Hiroshige Ohashi to third
Batting: LHB Won-shik Yi 0-0: Called Strike
0-1: Ball
1-1: Ball
2-1: Ball
3-1: Called Strike
3-2: Foul Ball, location: 2F
3-2: Foul Ball, location: 2F
3-2: SINGLE (Groundball, 4MD, EV 103.8 MPH)
Hiroshige Ohashi scores
Bartolo Álvarez to second
Bartolo Álvarez to third
Batting: LHB Tom Washington 0-0: Fielders Choice at 2nd, 1-6 (Groundball, 13S, EV 69.4 MPH)
Batting: RHB Josh Mawdesley 0-0: Foul Ball, location: 2F
0-1: Foul Ball, location: 2F
0-2: Strikes out swinging
Batting: RHB Ashton Bailey 0-0: Ball
1-0: Foul Ball, location: 2F
1-1: Ground out 5-3 (Groundball, 56S, EV 78.8 MPH)
Top of the 1st over - 1 run, 3 hits, 0 errors, 2 left on base; Pawnee 1 - Scranton 0
BOTTOM OF THE 1ST
Scranton Supernovas batting - Pitching for Pawnee ParksNRec : RHP Yaroslav Red'kin
Pitching: RHP Yaroslav Red'kin
Batting: RHB Yong-ho Jheon 0-0: Ball
1-0: Foul Ball, location: 2F
1-1: Ball
2-1: TRIPLE (Line Drive, 89XD, EV 101.9 MPH)
Batting: RHB August Force 0-0: Called Strike
0-1: Ball
1-1: Fly out, F8 (Flyball, 78M, EV 82.5 MPH)
Runner from 3rd tags up, SCORES, throw by CF
Batting: LHB Ken Norris 0-0: Ball
1-0: Swinging Strike
1-1: SOLO HOME RUN (Flyball, 89XD, EV 92.5 MPH), Distance : 427 ft
Batting: RHB Phil Moore 0-0: Ball
1-0: Foul Ball, location: 2F
1-1: Ball
2-1: Ball
3-1: Base on Balls
Batting: LHB Guan-pei Bei 0-0: Fly out, F9 (Flyball, 9S, EV 90.6 MPH)
Batting: RHB Guillermo Alessandrini 0-0: Called Strike
0-1: Foul Ball, location: 2F
0-2: Ball
1-2: Ball
2-2: Strikes out looking
Bottom of the 1st over - 2 runs, 2 hits, 0 errors, 1 left on base; Pawnee 1 - Scranton 2
TOP OF THE 2ND
Pawnee ParksNRec batting - Pitching for Scranton Supernovas : RHP Luis Sastre
Batting: RHB Charles Atkinson 0-0: Swinging Strike
0-1: Called Strike
0-2: Foul Ball, location: 2F
0-2: Ball
1-2: Ground out 5-3 (Groundball, 5S, EV 82.5 MPH)
Batting: SHB Ernesto Sacasas 0-0: Ground out 4-3 (Groundball, 34, EV 104.4 MPH)
Batting: RHB Terry Boyle 0-0: Swinging Strike
0-1: Foul Ball, location: 2F
0-2: Ball
1-2: Ball
2-2: Foul Ball, location: 2F
2-2: SINGLE (Groundball, 4MD, EV 98.1 MPH)
Batting: RHB Hiroshige Ohashi 0-0: Called Strike
0-1: Ball
1-1: Ball
2-1: Foul Ball, location: 2F
2-2: Strikes out looking
Top of the 2nd over - 0 runs, 1 hit, 0 errors, 1 left on base; Pawnee 1 - Scranton 2
BOTTOM OF THE 2ND
Scranton Supernovas batting - Pitching for Pawnee ParksNRec : RHP Yaroslav Red'kin
Batting: LHB Quentin Batkin 0-0: Called Strike
0-1: Fly out, F9 (Flyball, 9, EV 78.8 MPH)
Batting: RHB César Ferreira 0-0: Foul Ball, location: 2F
0-1: Ball
1-1: Called Strike
1-2: SINGLE (Groundball, 56D, EV 100.0 MPH)
Batting: RHB Doug Tipton 0-0: Called Strike
0-1: Ball
1-1: Ball
2-1: Called Strike
2-2: Strikes out swinging
Batting: RHB Yong-ho Jheon 0-0: Called Strike
0-1: Fly out, F9 (Flyball, 9D, EV 87.5 MPH)
Bottom of the 2nd over - 0 runs, 1 hit, 0 errors, 1 left on base; Pawnee 1 - Scranton 2
TOP OF THE 3RD
Pawnee ParksNRec batting - Pitching for Scranton Supernovas : RHP Luis Sastre
Batting: RHB Bartolo Álvarez 0-0: Foul Ball, location: 2F
0-1: Swinging Strike
0-2: Strikes out swinging
Batting: LHB Won-shik Yi 0-0: Ball
1-0: Ground out 1-3 (Groundball, 34S, EV 85.6 MPH)
Batting: LHB Tom Washington 0-0: Ball
1-0: Ball
2-0: Called Strike
2-1: Fly out, F8 (Flyball, 8RD, EV 83.8 MPH)
Top of the 3rd over - 0 runs, 0 hits, 0 errors, 0 left on base; Pawnee 1 - Scranton 2
BOTTOM OF THE 3RD
Scranton Supernovas batting - Pitching for Pawnee ParksNRec : RHP Yaroslav Red'kin
Batting: RHB August Force 0-0: Foul Ball, location: 2F
0-1: Bunt for hit to 15S - play at first, batter safe!
Batting: LHB Ken Norris 0-0: Ball
1-0: Ball
2-0: Called Strike
2-1: Ball
3-1: Foul Ball, location: 2F
3-2: SINGLE (Line Drive, 78S, EV 109.4 MPH)
August Force to second
Batting: RHB Phil Moore 0-0: Called Strike
0-1: Called Strike
0-2: Ball
1-2: Foul Ball, location: 2F
1-2: Ball
2-2: Foul Ball, location: 2F
2-2: Grounds into double play, 1-6-3 (Groundball, 13, EV 86.9 MPH)
August Force to third
Batting: LHB Guan-pei Bei 0-0: Called Strike
0-1: Ball
1-1: TRIPLE (Flyball, 89XD, EV 104.4 MPH)
August Force scores
Batting: RHB Guillermo Alessandrini 0-0: DOUBLE (Line Drive, 7LM, EV 105.6 MPH)
Guan-pei Bei scores
Batting: LHB Quentin Batkin 0-0: Called Strike
0-1: TRIPLE (Line Drive, 9LD, EV 105.6 MPH)
Guillermo Alessandrini scores
Pitching: RHP Ronald Wolfe
Batting: RHB César Ferreira 0-0: Ball
1-0: Ground out 4-3 (Groundball, 4S, EV 81.9 MPH)
Bottom of the 3rd over - 3 runs, 5 hits, 0 errors, 1 left on base; Pawnee 1 - Scranton 5
TOP OF THE 4TH
Pawnee ParksNRec batting - Pitching for Scranton Supernovas : RHP Luis Sastre
Batting: RHB Josh Mawdesley 0-0: Called Strike
0-1: Called Strike
0-2: Ball
1-2: Foul Ball, location: 2F
1-2: Foul Ball, location: 2F
1-2: Fly out, F9 (Flyball, 89M, EV 90.0 MPH)
Batting: RHB Ashton Bailey 0-0: Called Strike
0-1: Ball
1-1: Swinging Strike
1-2: Foul Ball, location: 2F
1-2: Ball
2-2: Ground out 6-3 (Groundball, 6, EV 82.5 MPH)
Batting: RHB Charles Atkinson 0-0: Ball
1-0: Ball
2-0: Called Strike
2-1: Ball
3-1: Base on Balls
Batting: SHB Ernesto Sacasas 0-0: Ball
1-0: Swinging Strike
1-1: Called Strike
1-2: Ball
2-2: Strikes out swinging
Top of the 4th over - 0 runs, 0 hits, 0 errors, 1 left on base; Pawnee 1 - Scranton 5
BOTTOM OF THE 4TH
Scranton Supernovas batting - Pitching for Pawnee ParksNRec : RHP Ronald Wolfe
Batting: RHB Doug Tipton 0-0: Called Strike
0-1: Ball
1-1: Ball
2-1: Called Strike
2-2: Foul Ball, location: 2F
2-2: Foul Ball, location: 2F
2-2: Strikes out swinging
Batting: RHB Yong-ho Jheon 0-0: Ball
1-0: Called Strike
1-1: Foul Ball, location: 2F
1-2: Ground out 5-3 (Groundball, 56S, EV 90.0 MPH)
Batting: RHB August Force 0-0: Ball
1-0: Foul Ball, location: 2F
1-1: Swinging Strike
1-2: Ball
2-2: Ball
3-2: Foul Ball, location: 2F
3-2: Strikes out swinging
Bottom of the 4th over - 0 runs, 0 hits, 0 errors, 0 left on base; Pawnee 1 - Scranton 5
TOP OF THE 5TH
Pawnee ParksNRec batting - Pitching for Scranton Supernovas : RHP Luis Sastre
Batting: RHB Terry Boyle 0-0: Fly out, F7 (Flyball, 7LS, EV 91.2 MPH)
Batting: RHB Hiroshige Ohashi 0-0: Ground out 1-3 (Groundball, 13S, EV 68.1 MPH)
Batting: RHB Bartolo Álvarez 0-0: Foul Ball, location: 2F
0-1: Ball
1-1: Foul Ball, location: 2F
1-2: Foul Ball, location: 2F
1-2: Foul Ball, location: 2F
1-2: Ball
2-2: Ground out 4-3 (Groundball, 4, EV 77.5 MPH)
Top of the 5th over - 0 runs, 0 hits, 0 errors, 0 left on base; Pawnee 1 - Scranton 5
BOTTOM OF THE 5TH
Scranton Supernovas batting - Pitching for Pawnee ParksNRec : RHP Ronald Wolfe
Batting: LHB Ken Norris 0-0: Ball
1-0: Swinging Strike
1-1: Called Strike
1-2: Ball
2-2: Fly out, F7 (Flyball, 7LDF, EV 94.4 MPH)
Batting: RHB Phil Moore 0-0: Foul Ball, location: 2F
0-1: Fly out, F5 (Popup, 5F, EV 60.6 MPH)
Batting: LHB Guan-pei Bei 0-0: Called Strike
0-1: DOUBLE (Line Drive, 89XD, EV 96.9 MPH)
Batting: RHB Guillermo Alessandrini 0-0: Foul Ball, location: 2F
0-1: Ball
1-1: Ball
2-1: Foul Ball, location: 2F
2-2: Ball
3-2: Foul Ball, location: 2F
3-2: Strikes out swinging
Bottom of the 5th over - 0 runs, 1 hit, 0 errors, 1 left on base; Pawnee 1 - Scranton 5
TOP OF THE 6TH
Pawnee ParksNRec batting - Pitching for Scranton Supernovas : RHP Luis Sastre
Batting: LHB Won-shik Yi 0-0: Foul Ball, location: 2F
0-1: Ball
1-1: Fly out, F7 (Line Drive, 7, EV 95.0 MPH)
Batting: LHB Tom Washington 0-0: Foul Ball, location: 2F
0-1: Ball
1-1: Foul Ball, location: 2F
1-2: Ball
2-2: Ground out 6-3 (Groundball, 6, EV 106.9 MPH)
Batting: RHB Josh Mawdesley 0-0: Foul Ball, location: 2F
0-1: Called Strike
0-2: Strikes out swinging
Top of the 6th over - 0 runs, 0 hits, 0 errors, 0 left on base; Pawnee 1 - Scranton 5
BOTTOM OF THE 6TH
Scranton Supernovas batting - Pitching for Pawnee ParksNRec : RHP Ronald Wolfe
Batting: LHB Quentin Batkin 0-0: Foul Ball, location: 2F
0-1: Ball
1-1: Ball
2-1: Ground out 4-3 (Groundball, 4, EV 89.4 MPH)
Batting: RHB César Ferreira 0-0: Foul Ball, location: 2F
0-1: Called Strike
0-2: Ground out U3 (Groundball, 3, EV 102.5 MPH)
Batting: RHB Doug Tipton 0-0: Called Strike
0-1: Fly out, F7 (Flyball, 78D, EV 101.9 MPH)
Bottom of the 6th over - 0 runs, 0 hits, 0 errors, 0 left on base; Pawnee 1 - Scranton 5
TOP OF THE 7TH
Pawnee ParksNRec batting - Pitching for Scranton Supernovas : RHP Luis Sastre
Batting: RHB Ashton Bailey 0-0: Ball
1-0: Foul Ball, location: 2F
1-1: SINGLE (Flyball, 78S, EV 90.0 MPH)
Batting: RHB Charles Atkinson 0-0: Ball
1-0: Grounds into double play, 5-4-3 (Groundball, 5, EV 100.0 MPH)
Batting: SHB Ernesto Sacasas 0-0: Ball
1-0: Called Strike
1-1: Ball
2-1: Called Strike
2-2: Foul Ball, location: 2F
2-2: Strikes out swinging
Top of the 7th over - 0 runs, 1 hit, 0 errors, 0 left on base; Pawnee 1 - Scranton 5
BOTTOM OF THE 7TH
Scranton Supernovas batting - Pitching for Pawnee ParksNRec : RHP Ronald Wolfe
Batting: RHB Yong-ho Jheon 0-0: Ball
1-0: Swinging Strike
1-1: Ball
2-1: Foul Ball, location: 2F
2-2: Foul Ball, location: 2F
2-2: Ball
3-2: Foul Ball, location: 2F
3-2: Ground out 6-3 (Groundball, 6, EV 86.2 MPH)
Batting: RHB August Force 0-0: Ground out 5-3 (Groundball, 5, EV 86.2 MPH)
Batting: LHB Ken Norris 0-0: Ball
1-0: Ball
2-0: Fly out, F7 (Flyball, 7, EV 86.2 MPH)
Bottom of the 7th over - 0 runs, 0 hits, 0 errors, 0 left on base; Pawnee 1 - Scranton 5
TOP OF THE 8TH
Pawnee ParksNRec batting - Pitching for Scranton Supernovas : RHP Luis Sastre
Pitching: LHP Faisal bin Nabeel
Batting: RHB Terry Boyle 0-0: Ball
1-0: DOUBLE (Line Drive, 9LD, EV 104.4 MPH)
Batting: RHB Hiroshige Ohashi 0-0: Called Strike
0-1: SINGLE (Groundball, 34, EV 78.8 MPH) (infield hit)
Terry Boyle to third
Batting: RHB Bartolo Álvarez 0-0: Ball
1-0: Fly out, F8 (Line Drive, 8LM, EV 91.9 MPH)
Runner from 3rd tags up, SCORES, throw by CF
Batting: LHB Won-shik Yi 0-0: Ball
1-0: SINGLE (Groundball, 2L, EV 63.1 MPH) (infield hit)
Hiroshige Ohashi to second
Batting: LHB Tom Washington 0-0: Foul Ball, location: 2F
0-1: Called Strike
0-2: SINGLE (Line Drive, 4D, EV 93.8 MPH)
Hiroshige Ohashi to third
Won-shik Yi to second
Runner from 3rd tries for Home, SAFE, no throw by RF
Batting: RHB Josh Mawdesley 0-0: Swinging Strike
0-1: Foul Ball, location: 2F
0-2: Ball
1-2: Ball
2-2: Ground out 4-3 (Groundball, 4M, EV 82.5 MPH)
Won-shik Yi to third
Tom Washington to second
Batting: RHB Ashton Bailey 0-0: Swinging Strike
0-1: Ball
1-1: Ground out 3-1 (Groundball, 34S, EV 71.9 MPH)
Top of the 8th over - 2 runs, 4 hits, 0 errors, 2 left on base; Pawnee 3 - Scranton 5
BOTTOM OF THE 8TH
Scranton Supernovas batting - Pitching for Pawnee ParksNRec : RHP Ronald Wolfe
Batting: RHB Phil Moore 0-0: Ball
1-0: Foul Ball, location: 2F
1-1: Called Strike
1-2: Ball
2-2: SOLO HOME RUN (Flyball, 8RXD, EV 101.2 MPH), Distance : 466 ft
Batting: LHB Guan-pei Bei 0-0: Ball
1-0: Fly out, F8 (Flyball, 8RM, EV 78.1 MPH)
Batting: RHB Guillermo Alessandrini 0-0: Called Strike
0-1: Ball
1-1: Foul Ball, location: 2F
1-2: Foul Ball, location: 2F
1-2: Fly out, F9 (Flyball, 9LDF, EV 83.1 MPH)
Pitching: LHP Markus Jutzi
Batting: LHB Quentin Batkin 0-0: Called Strike
0-1: Called Strike
0-2: Ball
1-2: Ball
2-2: Ball
3-2: Strikes out swinging
Bottom of the 8th over - 1 run, 1 hit, 0 errors, 0 left on base; Pawnee 3 - Scranton 6
TOP OF THE 9TH
Pawnee ParksNRec batting - Pitching for Scranton Supernovas : LHP Faisal bin Nabeel
Pitching: RHP Thomas Sangrey
Now at 3B: Zacarías Salazar
Now in LF: Abhipala Srivastav
Batting: RHB Charles Atkinson 0-0: Ball
1-0: Ball
2-0: Fly out, F6 (Line Drive, 6, EV 71.2 MPH)
Batting: SHB Ernesto Sacasas 0-0: Swinging Strike
0-1: Ball
1-1: Foul Ball, location: 2F
1-2: Foul Ball, location: 2F
1-2: Ball
2-2: Strikes out looking
Batting: RHB Terry Boyle 0-0: Called Strike
0-1: Called Strike
0-2: Foul Ball, location: 2LF, Error on foul ball, E2
0-2: Ball
1-2: Ball
2-2: Ball
3-2: Ground out 4-3 (Groundball, 4M, EV 104.4 MPH)
Top of the 9th over - 0 runs, 0 hits, 1 error, 0 left on base; Pawnee 3 - Scranton 6
Friday, March 26th, 2021 - OOTP Baseball 20.8 Build 74